 Dungeon Crawl Stone Soup version 0.31.0-32-g396128a36d (webtiles) character file.

Game seed: 5081130684848481958

26205 PaiMei the Artisan of Death (level 12, -5/105 HPs)
             Began as a Demonspawn Necromancer on Apr 24, 2024.
             Was a Priest of Kikubaaqudgha.
             Slain by a yak (6 damage)
             ... while petrified by a basilisk
             ... on level 3 of the Lair of Beasts.
             The game lasted 00:42:52 (25207 turns).

PaiMei the Artisan of Death (DsNe)                 Turns: 25207, Time: 00:42:53

Health: -5/105     AC: 15    Str:  8    XL:     12   Next: 96%
Magic:  26/26      EV:  2    Int: 25    God:    Kikubaaqudgha [***...]
Gold:   831        SH:  0    Dex: 16    Spells: 10/32 levels left

rFire   + . .        K - +5 hand axe (freeze)
rCold   . . .        (no shield)
rNeg    + + +        J - +1 leather armour {rF+}
rPois   ∞            G - +0 helmet
rElec   .            T - +2 cloak
rCorr   .            (no gloves)
SInv    .            c - +0 pair of boots
Will    .....        (no amulet)
Stlth   ++           P - ring of wizardry
HPRegen 0.37/turn    U - +6 ring of intelligence
MPRegen 0.20/turn

%: wizardry (x1)
@: petrified
A: rugged brown scales 2, icemail 1, condensation shield, demonic magic 3
a: Renounce Religion, Unearth Wretches


You were on level 3 of the Lair of Beasts.
You worshipped Kikubaaqudgha.
Kikubaaqudgha was most pleased with you.
You visited 3 branches of the dungeon, and saw 15 of its levels.
You also visited: Sewer and Ossuary.

You collected 864 gold pieces.
You spent 33 gold pieces at shops.

Inventory:

Hand Weapons
 a - a +4 rapier of protection
 H - a +2 short sword of venom
 K - a +5 hand axe of freezing (weapon)
Missiles
 d - 2 silver javelins
 v - 19 poisoned darts (quivered)
 I - 2 throwing nets
 Y - 2 curare-tipped darts
Armour
 c - a +0 pair of boots (worn)
 e - a +0 kite shield
 G - a +0 helmet (worn)
 J - a +1 leather armour of fire resistance (worn)
 R - a +3 ring mail
 T - a +2 cloak (worn)
 Z - the +4 scale mail of Untold Secrets {Regen+ Str-2 Dex+5 Stlth-}
   (You found it on level 2 of the Lair of Beasts)

   Str-2:     It affects your strength (-2).
   Dex+5:     It affects your dexterity (+5).
   Regen+:    It increases your rate of health regeneration.
   Stlth-:    It makes you less stealthy.
Jewellery
 l - a ring of wizardry
 w - a ring of flight
 M - a ring of protection from cold
 P - a ring of wizardry (left hand)
 U - a +6 ring of intelligence (right hand)
Wands
 n - a wand of mindburst (7)
 s - a wand of digging (3)
 N - a wand of iceblast (14)
 Q - a wand of flame (26)
 X - a wand of polymorph (9)
Scrolls
 h - a scroll of immolation {unknown}
 i - a scroll of poison {unknown}
 j - 6 scrolls of vulnerability
 k - 8 scrolls of teleportation
 p - 3 scrolls of torment
 t - 2 scrolls of enchant armour
 u - a scroll of acquirement {unknown}
 y - 2 scrolls of fog
 O - a scroll of enchant weapon {unknown}
 S - a scroll of fear {unknown}
 V - 2 scrolls of amnesia
 W - a scroll of blinking {unknown}
Potions
 b - a potion of magic
 f - 6 potions of curing
 g - a potion of brilliance {unknown}
 m - 3 potions of cancellation
 o - 5 potions of haste
 q - a potion of attraction {unknown}
 r - 7 potions of heal wounds
 x - 2 potions of resistance
 z - 3 potions of enlightenment
 A - 3 potions of ambrosia
 B - 3 potions of invisibility {unknown}
 C - a potion of lignification {unknown}
 D - 6 potions of might
 E - a potion of berserk rage {unknown}
 L - a potion of mutation {unknown}


   Skills:
 - Level 11.1 Fighting
 + Level 2.4 Armour
 - Level 10.0 Dodging
 - Level 2.2 Stealth
 + Level 0.0 Shields
 + Level 10.5 Spellcasting
 + Level 12.9 Necromancy
 + Level 0.0 Earth Magic


You had 10 spell levels left.
You knew the following spells:

 Your Spells              Type           Power      Damage    Failure   Level
a - Necrotise             Necr           100%       1d9       1%          1
b - Vampiric Draining     Necr           67%        2d10      1%          3
c - Animate Dead          Necr           67%        N/A       1%          4
d - Curse of Agony        Necr           67%        N/A       1%          5
e - Dispel Undead         Necr           67%        3d23      1%          4
f - Borgnjor's Vile Clut  Necr/Erth      22%        N/A       5%          5

Your spell library contained the following spells:

 Spells                   Type           Power      Damage    Failure   Level
 Kiss of Death            Conj/Necr      100%       2d13      1%          1
 Cigotuvi's Dreadful Rot  Necr/Alch/Air  68%        N/A       1%          2
 Sublimation of Blood     Necr           67%        N/A       1%          2
 Fugue of the Fallen      Necr           67%        N/A       1%          3
 Anguish                  Hex/Necr       22%        N/A       1%          4
 Martyr's Knell           Necr/Summ      45%        N/A       1%          4
 Death Channel            Necr           33%        N/A       1%          6
 Shock                    Conj/Air       52%        1d6       2%          1
 Call Imp                 Summ           26%        N/A       4%          2
 Confusing Touch          Hex            13%        N/A       9%          3
 Hailstorm                Conj/Ice       13%        3d6       9%          3
 Inner Flame              Hex/Fire       13%        N/A       9%          3
 Summon Ice Beast         Ice/Summ       13%        N/A       9%          3
 Swiftness                Air            13%        N/A       9%          3
 Airstrike                Air            6%         2d(1-17)  26%         4
 Animate Armour           Summ/Erth      26%        N/A       26%         4
 Brom's Barrelling Bould  Conj/Erth      13%        2d4       26%         4
 Flame Wave               Conj/Fire      13%        2d6       26%         4
 Leda's Liquefaction      Alch/Erth      6%         N/A       26%         4
 Sticky Flame             Fire/Alch      13%        2d5       26%         4
 Summon Lightning Spire   Summ/Air       13%        N/A       26%         4
 Fireball                 Conj/Fire      6%         3d5       56%         5
 Iskenderun's Battlesphe  Conj           13%        2d7       56%         5
 Lee's Rapid Deconstruct  Erth           6%         3d6*      56%         5
 Bombard                  Conj/Erth      6%         9d2       98%         6
 Conjure Ball Lightning   Conj/Air       6%         3x3d6     98%         6
 Sculpt Simulacrum        Ice/Alch       6%         N/A       98%         6
 Orb of Destruction       Conj           6%         9d6       100%        7
 Summon Hydra             Summ           6%         N/A       100%        7


Dungeon Overview and Level Annotations

Branches:
Dungeon (11/15)            Temple (1/1) D:6            Lair (3/5) D:11
 Spider (0/4) Lair:2          Orc (0/2) D:11          Sewer (visited)
Ossuary (visited)
  Swamp: Lair:2-3    Shoals: Lair:2-3

Altars:
Ashenzari
Cheibriados
Dithmenos
Fedhas
Gozag
Hepliaklqana
Kikubaaqudgha
Makhleb
Nemelex Xobeh
Okawaru
Qazlal
Ru
Sif Muna
Trog
Uskayaw
Vehumet
Wu Jian
Xom
Yredelemnul

Shops:
D:2 !   D:6 :   D:9 (

Portals:
Trove: D:11 (give 11 potions of heal wounds)

Annotations:
D:11 3 runed translucent doors
Temple 2 transporters


Innate Abilities, Weirdness & Mutations

You are mostly covered in rugged brown scales. (AC +2, +5% HP)
A meltable icy envelope protects you from harm. (AC +4)
A meltable shield of frost defends you. (SH +4)
Spells you cast and wands you use may paralyse nearby enemies.


Message History

The skyshark tail-slaps you but does no damage.
The black mamba bites you but does no damage.
The yak gores you!
* * * LOW HITPOINT WARNING * * *
The yak gores you!
* * * LOW HITPOINT WARNING * * *
The yak gores you.
* * * LOW HITPOINT WARNING * * *
The yak gores you.
* * * LOW HITPOINT WARNING * * *
The black mamba bites you.
* * * LOW HITPOINT WARNING * * *
The skyshark bites you but does no damage.
The skyshark tail-slaps you!
* * * LOW HITPOINT WARNING * * *
The skyshark tail-slaps you.
* * * LOW HITPOINT WARNING * * *
The yak gores you.
* * * LOW HITPOINT WARNING * * *
The yak gores you but does no damage.
The black mamba bites you but does no damage.
The yak gores you but does no damage. x2
The black mamba bites you but does no damage.
The skyshark bites you but does no damage.
The skyshark tail-slaps you but does no damage. x2
The yak gores you but does no damage. x3; The yak gores you!
* * * LOW HITPOINT WARNING * * *
The black mamba bites you but does no damage.
The black mamba barely misses you. The skyshark bites you.
* * * LOW HITPOINT WARNING * * *
The skyshark tail-slaps you.
* * * LOW HITPOINT WARNING * * *
The skyshark tail-slaps you but does no damage.
The yak gores you.
* * * LOW HITPOINT WARNING * * *
The yak gores you.
* * * LOW HITPOINT WARNING * * *
The yak completely misses you. The yak gores you!
You die...
Kikubaaqudgha rasps: "You have failed me!
Welcome... oblivion!"

.# .. #. #. ##.
#.. ###
#.#.#.F##...#..
......Y@YY...#
.#.#..SYY......
#....h.......
#............
..............
.#..#...#>.....
#...#.........
....#.##.#...#
.#


You could see a skyshark, a polar bear, a black mamba and 5 yaks.

Vanquished Creatures
  A hydra (Lair:2)
  3 two-headed ogres
  Sonja (Lair:1)
  Pikel (D:8)
  A manticore (D:11)
  9 cane toads
  Maggie (D:8)
  3 komodo dragons
  A polar bear (Lair:2)
  3 hornets
  2 trolls
  4 blink frogs (D:11)
  Sigmund (D:4)
  2 shadows
  A wraith (D:11)
  3 wyverns
  36 yaks
  A redback (Lair:1)
  3 steam dragons
  7 water moccasins
  3 acid dragons
  Duvessa (D:4)
  6 orc warriors
  A swamp drake (D:11)
  A sky beast (D:7)
  Pargi (Sewer)
  2 ice beasts (D:6)
  A black bear (D:6)
  3 ogres
  6 wolves (Lair:2)
  4 centaurs
  2 phantoms
  2 brain worms (Sewer)
  9 bullfrogs
  A gnoll sergeant (D:9)
  8 scorpions
  11 wights
  Dowan (D:4)
  15 killer bees
  A howler monkey (D:7)
  4 electric eels
  A jelly (D:6)
  3 orc priests
  3 hounds
  4 iguanas
  A sleepcap (D:6)
  6 scorpion zombies (Ossuary)
  23 orc wizards
  5 hell rats
  3 mummies (Ossuary)
  Robin (D:4)
  11 gnolls
  5 adders
  A white imp (D:8)
  3 adder zombies (Ossuary)
  2 ribbon worms (D:2)
  3 dart slugs
  47 orcs
  9 ball pythons
  4 bats
  7 endoplasms
  5 giant cockroaches
  2 gnoll zombies (Ossuary)
  7 hobgoblins
  11 jackals
  7 quokkas
  5 frilled lizards
  8 goblins
  4 jackal zombies (Ossuary)
  10 kobolds
  2 kobold zombies (Ossuary)
  6 rats
376 creatures vanquished.

Vanquished Creatures (collateral kills)
  2 cane toads
  4 komodo dragons
  A rime drake (Lair:2)
  2 wyverns (Lair:2)
  A water moccasin (Lair:2)
  A bullfrog (Lair:2)
  A scorpion (Lair:2)
  A jelly (D:4)
  A giant cockroach (D:1)
  2 goblins
  A frilled lizard (Sewer)
  A kobold (D:2)
18 creatures vanquished.

Vanquished Creatures (others)
  A manticore zombie (D:11)
  A wyvern zombie (Lair:3)
  A bombardier beetle (D:7)
  A bullfrog zombie (Lair:3)
  An orc wizard (D:8)
5 creatures vanquished.

Grand Total: 399 creatures vanquished

Notes
Turn   | Place    | Note
-------+----------+-------------------------------------------
     0 | D:1      | PaiMei the Demonspawn Necromancer began the quest for the
                  | Orb.
     0 | D:1      | Reached XP level 1. HP: 13/13 MP: 3/3
   177 | D:1      | Gained mutation: Spells you cast may paralyse adjacent
                  | enemies. [demonic ancestry]
   177 | D:1      | Reached XP level 2. HP: 19/19 MP: 1/5
   998 | D:1      | Found a faded altar of an unknown god.
  1163 | D:1      | Gained mutation: You are partially covered in rugged brown
                  | scales. (AC +1, +3% HP) [demonic ancestry]
  1163 | D:1      | Reached XP level 3. HP: 19/24 MP: 4/6
  1167 | D:1      | Learned a level 3 spell: Vampiric Draining
  2019 | D:2      | Reached XP level 4. HP: 31/31 MP: 1/7
  2162 | D:2      | Reached skill level 1 in Fighting
  2313 | D:2      | Found Lisih's Distillery.
  2320 | D:2      | Bought a potion of curing for 33 gold pieces
  2676 | D:3      | Reached skill level 5 in Necromancy
  3316 | D:3      | Noticed a centaur
  3484 | D:3      | Killed a centaur
  3485 | D:3      | Reached XP level 5. HP: 26/39 MP: 2/9
  3603 | D:3      | Found an opulent altar of Gozag.
  3611 | D:3      | Found a shimmering altar of Xom.
  3782 | D:4      | Found a hide-covered altar of Uskayaw.
  3782 | D:4      | Found a blossoming altar of Fedhas.
  3791 | D:4      | Found a burning altar of Makhleb.
  3884 | D:4      | Gained mutation: A meltable shield of frost defends you.
                  | (SH +4) [demonic ancestry]
  3884 | D:4      | Reached XP level 6. HP: 45/45 MP: 8/11
  3994 | D:4      | Found a sand-covered staircase.
  4006 | Ossuary  | Entered an ossuary
  4548 | Ossuary  | Reached skill level 6 in Necromancy
  4548 | Ossuary  | Gained mutation: Spells you cast may paralyse nearby
                  | enemies. [demonic ancestry]
  4548 | Ossuary  | Reached XP level 7. HP: 52/53 MP: 8/12
  5202 | D:4      | Noticed Robin
  5217 | D:4      | Killed Robin
  5478 | D:4      | Noticed Sigmund
  5489 | D:4      | Killed Sigmund
  5490 | D:4      | Reached XP level 8. HP: 23/61 MP: 8/15
  5675 | D:4      | Reached skill level 7 in Necromancy
  5773 | D:4      | Reached skill level 5 in Spellcasting
  5816 | D:4      | Noticed Dowan
  5820 | D:4      | Noticed Duvessa
  5869 | D:4      | Killed Duvessa
  5870 | D:4      | Reached skill level 5 in Dodging
  5879 | D:4      | Killed Dowan
  6480 | D:5      | Entered Level 5 of the Dungeon
  6565 | D:5      | Reached skill level 5 in Fighting
  6701 | D:5      | Found a hazy altar of Hepliaklqana.
  7224 | D:5      | Found a shimmering blue altar of Sif Muna.
  7901 | D:6      | Gained mutation: Spells you cast and wands you use may
                  | paralyse nearby enemies. [demonic ancestry]
  7901 | D:6      | Reached XP level 9. HP: 70/70 MP: 14/17
  7922 | D:6      | Reached skill level 8 in Necromancy
  8111 | D:6      | Found Qomuoje's Book Emporium.
  8201 | D:6      | Found a glowing drain.
  8217 | Sewer    | Entered a sewer
  8355 | Sewer    | Noticed Pargi
  8361 | Sewer    | Killed Pargi
  8598 | D:6      | Found a staircase to the Ecumenical Temple.
  8609 | Temple   | Found a transporter.
  8609 | Temple   | Found a transporter.
  8609 | Temple   | Found a transporter.
  8609 | Temple   | Found a transporter.
  8609 | Temple   | Entered the Ecumenical Temple
  8625 | Temple   | Became a worshipper of Kikubaaqudgha
 10175 | D:7      | Learned a level 4 spell: Animate Dead
 10181 | D:7      | Learned a level 5 spell: Curse of Agony
 10289 | D:8      | Found a sparkling altar of Nemelex Xobeh.
 10493 | D:8      | Reached skill level 9 in Necromancy
 10568 | D:8      | Noticed Pikel
 10577 | D:8      | Killed Pikel
 10578 | D:8      | Reached XP level 10. HP: 75/81 MP: 2/20
 10813 | D:8      | Noticed Maggie
 10829 | D:8      | Killed Maggie
 11379 | D:9      | Reached * piety under Kikubaaqudgha
 11379 | D:9      | Received a gift from Kikubaaqudgha
 11379 | D:9      | HP: 4/81 [something (29)]
 12410 | D:9      | Found Rasang's Weapon Shop.
 13017 | D:9      | Reached skill level 10 in Necromancy
 13453 | D:9      | Gained mutation: A meltable icy envelope protects you from
                  | harm. (AC +4) [demonic ancestry]
 13453 | D:9      | Reached XP level 11. HP: 57/89 MP: 16/23
 13972 | D:10     | Entered Level 10 of the Dungeon
 14245 | D:10     | Noticed a two-headed ogre
 14254 | D:10     | Killed a two-headed ogre
 14651 | D:9      | Learned a level 4 spell: Dispel Undead
 14657 | D:9      | Learned a level 5 spell: Borgnjor's Vile Clutch
 14888 | D:9      | Reached ** piety under Kikubaaqudgha
 16522 | D:10     | Reached skill level 11 in Necromancy
 17955 | D:11     | Found a staircase to the Lair.
 18023 | D:11     | Noticed a two-headed ogre
 18066 | D:11     | Reached *** piety under Kikubaaqudgha
 18066 | D:11     | Received a gift from Kikubaaqudgha
 18383 | D:11     | Killed a two-headed ogre
 18523 | D:11     | Found a runed translucent gate.
 18523 | D:11     | Found a runed translucent gate.
 18523 | D:11     | Found a runed translucent gate.
 18605 | D:11     | Found a shimmering blue altar of Sif Muna.
 18725 | D:11     | Noticed a two-headed ogre
 18737 | D:11     | Killed a two-headed ogre
 18738 | D:11     | Gained mutation: You are mostly covered in rugged brown
                  | scales. (AC +2, +5% HP) [demonic ancestry]
 18738 | D:11     | Reached XP level 12. HP: 38/101 MP: 11/25
 19193 | D:11     | Found a staircase to the Orcish Mines.
 19662 | D:11     | Found a portal to a secret trove of treasure.
 19816 | Lair:1   | Entered Level 1 of the Lair of Beasts
 19816 | Lair:1   | Noticed Sonja
 19827 | Lair:1   | Killed Sonja
 19844 | D:11     | Reached skill level 10 in Fighting
 20390 | D:11     | Reached skill level 12 in Necromancy
 22096 | Lair:2   | Found a hole to the Spider Nest.
 22098 | Lair:2   | Noticed a seven-headed hydra
 22505 | Lair:2   | Killed a seven-headed hydra
 22506 | Lair:2   | Reached skill level 10 in Spellcasting
 23225 | Lair:2   | Reached skill level 10 in Dodging
 23670 | Lair:2   | Reached skill level 1 in Armour
 23887 | Lair:2   | Identified the +4 scale mail of Untold Secrets {Regen+
                  | Str-2 Dex+5 Stlth-}
 25207 | Lair:3   | HP: 5/105 [skyshark (3)]
 25207 | Lair:3   | HP: 1/105 [yak (3)]
 25207 | Lair:3   | Slain by a yak

Illustrated notes

Levels and vault maps discovered:
D:1:      dpeg_arrival_round_c, layout_loops_ring,
          ebering_ecumenical_altar_petrified, nicolae_the_louvre
D:2:      layout_basic, serial_shops, nicolae_shop_industrial_runoff,
          minmay_misc_feat_tiny, minmay_circle_x
D:3:      layout_rooms, amethyst_overflow_temple_binary
D:4:      layout_loops_corners, chequers_temple_overflow_statue_of_worship,
          lightli_ossuary_entry_decrepit_ruins, uniq_duvessa, uniq_robin,
          uniq_sigmund
D:5:      layout_basic, minitemple
D:6:      layout_basic, temple_fountains, portal_sewer_entry_f, serial_shops,
          shop
D:7:      layout_loops_ring, bh_walls_and_bars
D:8:      layout_basic, lemuel_crystal_altar, uniq_maggie, uniq_pikel
D:9:      layout_loops_ring, nicolae_take_the_stairs,
          minmay_fractal_squares_diagonal_5
D:10:     layout_basic, amcnicky_mini_rare_corridor_liquid,
          serial_park_tiny_pond, hangedman_decor_peaks_small
D:11:     lemuel_bear_cage, layout_gridville, lair_entry_dummy, erik_orc_1,
          trove_entry_hex_spiral, lemuel_blue_sif_altar
Temple:   hellmonk_temple_divided_pantheon
Lair:1:   layout_loops_ring, nicolae_quartered_pool_medium,
          chequers_serial_rivers_micro_c, columned_hall_lemuel, uniq_sonja
Lair:2:   layout_regular_city, nicolae_spider_entry_lesser_pyramids,
          grunt_megastairs_3, lemuel_fruit_tree, infiniplex_staircase_pool
Lair:3:   regret_index_malice_mire, layout_loops_ring, swamp_mist,
          grunt_megastairs_4, uniq_snorg

Skill      XL: |  1  2  3  4  5  6  7  8  9 10 11 12 |
---------------+-------------------------------------+-----
Stealth        | 2 |  2.2
Dodging        | 2 3 4 5 6 8 9 10 | 10.0
Fighting       | 1 2 3 4 5 7 8 9 11 | 11.1
Necromancy     | 5 6 7 9 10 11 12 | 12.9
Spellcasting   | 3 4 5 7 8 9 10 | 10.5
Armour         | 2 |  2.4

Action                     |  1- 3 |  4- 6 |  7- 9 | 10-12 || total
---------------------------+-------+-------+-------+-------++-------
  Melee: Unarmed           |    30 |       |       |       ||    30
         Short sword       |     5 |    14 |       |       ||    19
         Falchion          |       |   100 |   166 |    45 ||   311
         Punch             |       |       |     1 |    10 ||    11
         Dagger            |       |       |       |   428 ||   428
         Hand axe          |       |       |       |    14 ||    14
   Cast: Necrotise         |    81 |    57 |   131 |   125 ||   394
         Vampiric Draining |       |     5 |    70 |   215 ||   290
         Dispel Undead     |       |       |       |    14 ||    14
         Curse of Agony    |       |       |       |    18 ||    18
         Animate Dead      |       |       |       |     6 ||     6
         Borgnjor's Vile C |       |       |       |     9 ||     9
    Use: Potion            |       |       |     1 |     5 ||     6
         Scroll            |       |       |       |    14 ||    14
   Stab: Paralysed         |     3 |     8 |    36 |   136 ||   183
         Sleeping          |       |       |     2 |       ||     2
         Distracted        |       |       |     1 |       ||     1
 Armour: Robe              |    32 |    99 |    46 |       ||   177
         Leather armour    |       |       |    99 |   447 ||   546
  Dodge: Dodged            |    41 |   116 |   107 |   481 ||   745
  Block: Other             |       |    27 |    27 |   116 ||   170
